 Dungeon Crawl Stone Soup version 0.28-a0-305-g9e858e973b (webtiles) character file.

Game seed: 13502414442411363213

164083 rogsnak the Eclecticist (level 18, -4/130 HPs)
             Began as a Djinni Fire Elementalist on Aug 28, 2021.
             Was the Champion of Makhleb.
             Constricted to death by Jorgrun (10 damage)
             ... on level 2 of the Snake Pit on Aug 29, 2021.
             The game lasted 01:29:49 (26758 turns).

rogsnak the Eclecticist (Djinni Fire Elementalist) Turns: 26758, Time: 01:29:50

Health: -4/130     AC: 12    Str:  5 (7)  XL:     18   Next: 17%
Gold:   2283       EV: 12    Int: 26 (28) God:    Makhleb [******] SH:  9 Dex: 17

rFire   + + .      SeeInvis .   W - +2 scimitar (elec)
rCold   . . .      Faith    .   N - +0 buckler
rNeg    . . .      Spirit   .   J - +1 troll leather armour
rPois   ∞          Reflect  +   h - +2 helmet
rElec   .          Harm     .   d - +0 cloak
rCorr   .          Rampage  .   D - +0 pair of gloves
Will    +....                   (boots unavailable)
Stlth   ++........              o - amulet of reflection
HPRegen 1.31/turn               g - +6 ring of intelligence
MPRegen 0.00/turn               Y - ring of protection from cold

@: grasped by roots, flying, constricted, studying Fighting
A: sickness immunity, fire resistance 2, cold vulnerability 1, float, innate
caster, hp casting, extra vitality 1
}: 1/15 runes: decaying
a: Renounce Religion, Minor Destruction, Lesser Servant of Makhleb, Major
Destruction, Greater Servant of Makhleb


You were on level 2 of the Snake Pit.
You worshipped Makhleb.
Makhleb was exalted by your worship.
You visited 6 branches of the dungeon, and saw 30 of its levels.

You collected 2735 gold pieces.
You spent 452 gold pieces at shops.

Inventory:

Hand Weapons
 b - a +2 battleaxe of venom
 W - a +2 scimitar of electrocution (weapon)
Missiles
 x - 4 silver javelins
 K - 7 curare-tipped darts
 R - 5 atropa-tipped darts
 S - a throwing net
Armour
 d - a +0 cloak (worn)
 h - a +2 helmet (worn)
 s - the +5 tower shield "Vionueps" {Will+ Str-4 Int+4}
   (You found it on level 1 of the Snake Pit)

   Str:       It affects your strength (-4).
   Int:       It affects your intelligence (+4).
   Will:      It increases your willpower.
 D - a +0 pair of gloves (worn)
 E - a +2 robe of positive energy
 I - +0 acid dragon scales
 J - a +1 troll leather armour (worn)
 N - a +0 buckler (worn)
Magical Staves
 j - a staff of cold
 L - a staff of fire
Jewellery
 g - a +6 ring of intelligence (left hand)
 l - the ring of Peceucloer {rPois rF+ rC- SInv}
   (You acquired it on level 2 of the Swamp)

   [ring of see invisible]

   rF:        It protects you from fire.
   rC:        It makes you vulnerable to cold.
   rPois:     It protects you from poison.
   SInv:      It lets you see invisible.
 o - an amulet of reflection (around neck)
 p - a +4 ring of evasion
 y - the ring of Shadows {Umbra +Inv Stlth+}
   (You found it on level 6 of the Lair of Beasts)

   [ring of stealth]

   It surrounds you with an aura of shadow, increasing your stealth and reducing
   the accuracy of all within it (including the wearer).
   +Inv:      It lets you turn invisible.
   Stlth:     It makes you more stealthy.
 V - a ring of wizardry
 Y - a ring of protection from cold (right hand)
Wands
 i - a wand of mindburst (81)
 B - a wand of iceblast (14)
 P - a wand of digging (12)
 X - a wand of polymorph (8)
Scrolls
 a - a scroll of brand weapon
 c - 7 scrolls of magic mapping
 e - 3 scrolls of enchant armour
 f - 4 scrolls of enchant weapon
 k - 2 scrolls of blinking
 n - 12 scrolls of teleportation
 r - 3 scrolls of fear
 t - 2 scrolls of holy word
 v - a scroll of summoning
 C - 2 scrolls of immolation
 U - 4 scrolls of fog
Potions
 m - 2 potions of mutation
 q - 2 potions of ambrosia
 w - 8 potions of haste
 z - 2 potions of curing
 A - 4 potions of invisibility
 F - 2 potions of resistance
 G - 3 potions of berserk rage
 H - a potion of might
 Q - a potion of cancellation
 Z - 2 potions of heal wounds
Miscellaneous
 M - a tin of tremorstones (2/2)
 O - a condenser vane
 T - a box of beasts


   Skills:
 * Level 12.2 Fighting
 + Level 6.7 Armour
 + Level 9.2 Dodging
 - Level 1.5 Stealth
 - Level 1.0 Shields
 + Level 19.9 Spellcasting


You had 8 spell levels left.
You knew the following spells:

 Your Spells              Type           Power      Damage    Failure   Level
a - Foxfire               Conj/Fire      100%       2x1d9     0%          1
b - Conjure Flame         Conj/Fire      92%        6-21      0%          3
c - Inner Flame           Hex/Fire       92%        N/A       0%          3
d - Sticky Flame          Conj/Fire      92%        2d10      0%          4
e - Fireball              Conj/Fire      46%        3d18      1%          5
f - Shock                 Conj/Air       100%       1d9       0%          1
g - Poisonous Vapours     Pois/Air       100%       N/A       0%          2
h - Portal Projectile     Hex/Tloc       100%       N/A       0%          3
i - Petrify               Tmut/Erth      92%        N/A       0%          4
j - Summon Lightning Spi  Summ/Air       92%        N/A       0%          4
k - Blade Hands           Tmut           46%        N/A       1%          5
l - Simulacrum            Ice/Necr       46%        N/A       1%          6
m - Storm Form            Tmut/Air       46%        N/A       1%          7
Your spell library was empty.

Dungeon Overview and Level Annotations

Branches:
Dungeon (13/15)            Temple (1/1) D:4            Lair (6/6) D:10
  Swamp (4/4) Lair:2        Snake (4/4) Lair:2        Slime (0/5) Lair:5
    Orc (2/2) D:11            Elf (0/3) Orc:2        Vaults (0/5) D:13

Altars:
Ashenzari
Dithmenos
Fedhas
Gozag
Hepliaklqana
Kikubaaqudgha
Makhleb
Okawaru
Ru
Sif Muna
Trog
Uskayaw
Vehumet
Zin
Beogh
Jiyva

Shops:
D:1 *   D:6 (   D:7 *   D:10 *   Orc:2 !([:   Snake:1 *

Annotations:
D:12 2 transporters, dolemite99's ghost, journeyman OgCK
D:13 Nessos; Urug
Snake:2 Jorgrun


Innate Abilities, Weirdness & Mutations

You are immune to sickness and miasma.
You are immune to poison.
Your flesh is very heat resistant. (rF++)
You are vulnerable to cold. (rC-)
You float through the air rather than walking.
You learn spells naturally, not from books.
Your magical power is your life essence.
You have superior vitality. (+4 HP)


Message History

The black mamba is heavily wounded.
The black mamba misses you.
Unknown command.
Casting: Fireball (safe; 1% risk of failure)
Confirm with . or Enter, or press ? or * to list all spells.
Aiming: Sticky Flame (safe; 0% risk of failure)
Press: ? - help, Shift-Dir - straight line, f/p - black mamba
Aim: a black mamba (heavily wounded, 100% to hit)
The sticky flame hits the black mamba!
The black mamba is severely wounded.
The black mamba is covered in liquid flames!
The black mamba burns!
The black mamba barely misses you.
Some rock shatters into small pieces.
The black mamba bites you!
The black mamba burns!
The black mamba closely misses you.
The black mamba burns!
You kill the black mamba!
Makhleb accepts your kill.
You feel better.
A salamander mystic comes into view. It is wielding a +0 quarterstaff.
You hear a grinding noise.
Jorgrun gestures at you while chanting.
Roots burst forth from the earth!
The grasping roots grab you! The grasping roots constrict you.
You escape the roots' grasp.
The salamander mystic points at the naga sharpshooter and mumbles some strange words.
The naga sharpshooter seems to speed up.
The naga sharpshooter unwields a +0 long sword.
The naga sharpshooter wields a +0 shortbow.
The naga sharpshooter shoots an arrow.
The arrow hits you!! Jorgrun gestures at you while chanting.
Roots burst forth from the earth!
The grasping roots grab you! The grasping roots constrict you!
The roots' grasp on you weakens, but your attempt to escape fails.
Jorgrun casts a spell past you.
The wall shatters!
The blast of rock fragments hits you!!!
* * * LOW HITPOINT WARNING * * *
The grasping roots constrict you!
You die...

### ###.#######
#..g......##
###.###..##..#
##.....##.###.#
##.......##.##.#
#..#####..##g#.#
##@##...##.###..#
#......^....# #N#
#######..#.....#..# #N.).
##.8.##..##.8.8.##..##.##.
#.....#..#.......#..##.#
#8.>..'[.#...>...#..+..#
#....)#..#.......#..#
##.8.##.)##.8.8.##..#
#######..#.))..#..##


You could see Jorgrun.

Vanquished Creatures
  A tentacled monstrosity (Swamp:1)
  2 fenstrider witches
  3 bunyips
  Josephine (Lair:4)
  2 shambling mangroves
  2 naga warriors
  16 hydras
  A spriggan air mage (Swamp:3)
  Erolcha (Orc:2)
  3 boulder beetles
  2 catoblepae
  An ogre mage (Orc:2)
  2 ghost crabs
  A centaur warrior (D:9)
  5 anacondas
  5 two-headed ogres
  7 alligators
  A spriggan berserker (Swamp:2)
  A shock serpent (Snake:2)
  2 orc high priests
  A naga sharpshooter (Snake:1)
  10 spriggans
  A salamander mystic (Snake:3)
  5 goliath frogs
  6 swamp dragons
  Pikel (D:9)
  5 spriggan druids
  A naga ritualist (Snake:2)
  8 bog bodies
  An orc knight (Orc:2)
  6 mana vipers
  An ugly thing (D:9)
  A will-o-the-wisp (Swamp:2)
  2 salamanders
  A cyclops (D:12)
  7 orc sorcerers (Orc:2)
  A manticore (D:12)
  2 guardian serpents
  22 black mambas
  18 elephants
  Joseph (D:9)
  3 naga magi
  A torpor snail (Lair:4)
  11 cane toads
  7 komodo dragons
  An unseen horror (D:11)
  2 kobold demonologists (D:9)
  6 trolls
  10 tyrant leeches
  5 polar bears
  18 hornets
  9 blink frogs
  Grinder (D:6)
  Prince Ribbit (D:5)
  2 slime creatures (D:12)
  15 dream sheep
  A vampire (D:9)
  Eustachio (D:5)
  6 basilisks
  7 wraiths
  6 wyverns
  13 yaks
  3 steam dragons
  A vampire mosquito (D:9)
  16 nagas
  Edmund (D:6)
  9 swamp worms
  A warg (Orc:2)
  18 water moccasins
  2 acid dragons
  10 orc warriors
  3 swamp drakes (Swamp:4)
  2 sky beasts
  4 black bears
  3 ice beasts (D:7)
  11 wolves
  3 centaurs
  7 ogres
  3 lemures
  4 phantoms
  6 kobold brigands
  8 bullfrogs
  4 scorpions
  2 gnoll sergeants
  A water moccasin zombie (D:4)
  A water moccasin skeleton (D:6)
  A killer bee (D:9)
  18 wights
  4 howler monkeys
  3 electric eels
  2 bullfrog zombies (D:5)
  5 centaur zombies
  8 orc priests
  4 hounds
  A jelly (D:6)
  3 centaur skeletons
  Jessica (D:3)
  An iguana (D:5)
  25 orc wizards
  A hound skeleton (D:4)
  3 howler monkey zombies
  10 gnolls
  7 adders
  An ufetubus (D:4)
  A worm (D:2)
  An adder zombie (D:4)
  2 dart slugs
  45 orcs
  12 ball pythons
  6 endoplasms
  5 giant cockroaches
  8 hobgoblins
  3 jackals (D:3)
  20 kobolds
  6 quokkas
  2 bats
  3 frilled lizards
  10 goblins
  3 rats (D:2)
  A bush (Lair:3)
635 creatures vanquished.

Vanquished Creatures (collateral kills)
  Aizul (Swamp:1)
  A bunyip (Swamp:1)
  A dire elephant (Lair:6)
  A shambling mangrove (Swamp:4)
  A hydra (Swamp:4)
  2 naga warriors
  An ogre mage (Orc:2)
  An alligator (Swamp:3)
  3 death yaks (Lair:6)
  A deep troll shaman (Lair:6)
  2 goliath frogs
  3 bog bodies
  3 swamp dragons (Swamp:4)
  An orc knight (Orc:1)
  An orc sorcerer (Orc:2)
  An ugly thing (D:12)
  3 salamanders
  A will-o-the-wisp (Swamp:4)
  A cyclops (D:9)
  15 elephants
  A black mamba (Lair:4)
  A rime drake (Lair:6)
  5 cane toads
  A komodo dragon (Lair:3)
  3 polar bears
  3 hornets
  2 tyrant leeches
  9 blink frogs
  3 dream sheep
  A wraith (Lair:4)
  4 spriggans
  4 yaks
  A steam dragon (D:9)
  2 swamp worms
  2 nagas
  4 water moccasins
  A black bear (Lair:3)
  3 swamp drakes (Swamp:4)
  2 wolves
  3 bullfrogs
  3 orc wizards (Orc:2)
  3 orcs
  9 foxfires
  A fungus (Lair:5)
115 creatures vanquished.

Vanquished Creatures (others)
  A human (D:13)
  A kobold brigand (D:7)
  1365 foxfires
  16 fungi
  45 plants
1428 creatures vanquished.

Grand Total: 2178 creatures vanquished

Notes
Turn   | Place    | Note
-------+----------+-------------------------------------------
     0 | D:1      | rogsnak the Djinni Fire Elementalist began the quest for
                  | the Orb.
     0 | D:1      | Reached XP level 1. HP: 15/15 MP: 0/0
   230 | D:1      | Reached XP level 2. HP: 20/21 MP: 0/0
   551 | D:1      | Found a faded altar of an unknown god.
   841 | D:1      | Found Dyrukuud's General Store.
   902 | D:1      | Reached skill level 3 in Spellcasting
   902 | D:1      | Reached XP level 3. HP: 23/25 MP: 0/0
   902 | D:1      | Learned a level 1 spell: Shock
  2136 | D:2      | Reached XP level 4. HP: 29/31 MP: 0/0
  4040 | D:3      | Noticed Jessica
  4053 | D:3      | Killed Jessica
  4054 | D:3      | Reached skill level 4 in Spellcasting
  4054 | D:3      | Reached XP level 5. HP: 30/35 MP: 0/0
  4054 | D:3      | Learned a level 2 spell: Poisonous Vapours
  4502 | D:4      | Noticed a sky beast
  4512 | D:4      | Killed a sky beast
  4513 | D:4      | Reached XP level 6. HP: 33/41 MP: 0/0
  4604 | D:4      | Noticed a water moccasin
  4612 | D:4      | Killed a water moccasin
  4613 | D:4      | Reached skill level 5 in Spellcasting
  4613 | D:4      | Reached XP level 7. HP: 40/46 MP: 0/0
  4613 | D:4      | Learned a level 3 spell: Portal Projectile
  5252 | D:4      | Found a staircase to the Ecumenical Temple.
  5422 | Temple   | Entered the Ecumenical Temple
  5441 | Temple   | Became a worshipper of Makhleb the Destroyer
  5888 | D:5      | Entered Level 5 of the Dungeon
  5985 | D:5      | Reached skill level 6 in Spellcasting
  6020 | D:5      | Noticed Prince Ribbit
  6028 | D:5      | Killed Prince Ribbit
  6029 | D:5      | Reached XP level 8. HP: 47/51 MP: 0/0
  6216 | D:5      | Reached skill level 7 in Spellcasting
  6378 | D:5      | Noticed Eustachio
  6387 | D:5      | Killed Eustachio
  6388 | D:5      | Reached skill level 1 in Fighting
  6388 | D:5      | Reached skill level 5 in Dodging
  6576 | D:5      | Reached XP level 9. HP: 53/57 MP: 0/0
  6576 | D:5      | Learned a level 4 spell: Petrify
  6644 | D:5      | Reached * piety under Makhleb
  6917 | D:5      | Reached skill level 8 in Spellcasting
  7482 | D:6      | Noticed Grinder
  7493 | D:6      | Killed Grinder
  7494 | D:6      | Reached skill level 1 in Shields
  7778 | D:6      | Found Etoddomy's Weapon Emporium.
  7965 | D:6      | You are sucked into a shaft and drop 1 floor!
  7994 | D:7      | Found Fulyruel's Gadget Gallery.
  8018 | D:7      | Reached skill level 9 in Spellcasting
  8314 | D:6      | Reached XP level 10. HP: 46/64 MP: 0/0
  8452 | D:6      | Noticed Edmund
  8464 | D:6      | Killed Edmund
  9296 | D:8      | Reached skill level 10 in Spellcasting
  9333 | D:8      | Reached ** piety under Makhleb
  9344 | D:8      | Reached skill level 1 in Armour
 10748 | D:9      | Noticed Pikel
 10875 | D:9      | Killed Pikel
 11028 | D:9      | Noticed a centaur warrior
 11033 | D:9      | Killed a centaur warrior
 11360 | D:9      | Reached XP level 11. HP: 70/70 MP: 0/0
 11360 | D:9      | Learned a level 4 spell: Summon Lightning Spire
 11434 | D:9      | Reached skill level 11 in Spellcasting
 11520 | D:9      | Noticed a boulder beetle
 11530 | D:9      | Killed a boulder beetle
 11562 | D:9      | Reached *** piety under Makhleb
 11632 | D:9      | Noticed a boulder beetle
 11640 | D:9      | Killed a boulder beetle
 11848 | D:9      | Noticed a cyclops
 11873 | D:9      | Killed a cyclops
 11926 | D:9      | Noticed a white ugly thing
 11933 | D:9      | Killed a white ugly thing
 12252 | D:9      | Reached skill level 12 in Spellcasting
 12531 | D:9      | Noticed a sixfirhy
 12552 | D:9      | Noticed Joseph
 12554 | D:9      | Killed Joseph
 12947 | D:10     | Entered Level 10 of the Dungeon
 12966 | D:10     | Reached XP level 12. HP: 68/76 MP: 0/0
 13099 | D:10     | Reached skill level 5 in Armour
 13182 | D:10     | Found Nobat's Assorted Antiques.
 13600 | D:10     | Found a staircase to the Lair.
 13773 | D:10     | Noticed a catoblepas
 13781 | D:10     | Killed a catoblepas
 13871 | D:11     | Reached skill level 13 in Spellcasting
 13881 | D:11     | Reached **** piety under Makhleb
 13950 | D:11     | Noticed a two-headed ogre
 13965 | D:11     | Killed a two-headed ogre
 14001 | D:11     | Noticed a two-headed ogre
 14013 | D:11     | Killed a two-headed ogre
 14106 | D:11     | Noticed a two-headed ogre
 14107 | D:11     | Noticed a two-headed ogre
 14108 | D:11     | Noticed a boulder beetle
 14111 | D:11     | Killed a two-headed ogre
 14113 | D:11     | Killed a two-headed ogre
 14121 | D:11     | Killed a boulder beetle
 14287 | D:11     | Found a staircase to the Orcish Mines.
 14466 | D:12     | Found a transporter.
 14470 | D:12     | Found a transporter.
 14470 | D:12     | Found a bloodstained altar of Trog.
 14470 | D:12     | Noticed dolemite99's ghost (journeyman OgCK)
 14480 | D:12     | Noticed a two-headed ogre
 14669 | D:12     | Reached XP level 13. HP: 74/82 MP: 0/0
 14669 | D:12     | Learned a level 5 spell: Blade Hands
 14706 | D:12     | Reached skill level 14 in Spellcasting
 14919 | D:12     | Noticed a four-headed hydra
 14923 | D:12     | Killed a four-headed hydra
 15091 | D:12     | Identified the +5 rapier "Ekhliurgh" {drain, Will++ Int-3
                  | Dex+2 Stlth+}
 15324 | D:13     | Noticed Urug
 15324 | D:13     | Noticed Nessos
 15324 | D:13     | Found a gate to the Vaults.
 15398 | D:13     | Noticed a centaur warrior
 15493 | Orc:1    | Entered Level 1 of the Orcish Mines
 15656 | Orc:2    | Entered Level 2 of the Orcish Mines
 15662 | Orc:2    | Found a staircase to the Elven Halls.
 15946 | Orc:2    | Reached ***** piety under Makhleb
 16622 | Orc:2    | Upgraded the game from 0.28-a0-268-g3f656e82c2 to
                  | 0.28-a0-305-g9e858e973b
 16678 | Orc:2    | Reached skill level 15 in Spellcasting
 16696 | Orc:2    | Noticed an ogre mage
 16706 | Orc:2    | Killed an ogre mage
 16715 | Orc:2    | Found Anlufuch's Antique Weapon Emporium.
 16720 | Orc:2    | Noticed an ogre mage
 16727 | Orc:2    | Killed an ogre mage
 16743 | Orc:2    | Noticed Erolcha
 16749 | Orc:2    | Killed Erolcha
 16793 | Orc:2    | Found Huez's Distillery.
 16801 | Orc:2    | Bought a potion of haste for 110 gold pieces
 16859 | Orc:2    | Found Jeakeam's Book Shoppe.
 16865 | Orc:2    | Found Lamic's Antique Armour Shoppe.
 16886 | Orc:2    | Bought an amber-encrusted ring mail for 342 gold pieces
 16886 | Orc:2    | Identified the +6 ring mail of Broken Taboos {rPois} (You
                  | bought it in a shop on level 2 of the Orcish Mines)
 17070 | Lair:1   | Entered Level 1 of the Lair of Beasts
 17160 | Lair:1   | Reached XP level 14. HP: 64/88 MP: 0/0
 17961 | Lair:2   | Found a staircase to the Snake Pit.
 18167 | Lair:2   | Reached skill level 16 in Spellcasting
 18283 | Lair:2   | Found a staircase to the Swamp.
 18822 | Lair:3   | Reached skill level 5 in Fighting
 18952 | Lair:3   | Identified the +1 scale mail of Fun and Games {Rampage
                  | Dex+2}
 19592 | Lair:4   | Reached ****** piety under Makhleb
 19614 | Lair:4   | Reached XP level 15. HP: 92/98 MP: 0/0
 19614 | Lair:4   | Learned a level 6 spell: Simulacrum
 19661 | Lair:4   | Noticed Josephine
 19668 | Lair:4   | Killed Josephine
 19883 | Lair:4   | Reached skill level 17 in Spellcasting
 20688 | Lair:5   | Found a viscous altar of Jiyva.
 20689 | Lair:5   | Found a staircase to the Slime Pits.
 21253 | Lair:6   | Entered Level 6 of the Lair of Beasts
 21708 | Lair:6   | Reached XP level 16. HP: 38/108 MP: 0/0
 21742 | Lair:6   | Found the ring of Shadows {Umbra +Inv Stlth+}
 22050 | Swamp:1  | Entered Level 1 of the Swamp
 22111 | Swamp:1  | Noticed Aizul
 22113 | Swamp:1  | Killed Aizul
 22241 | Swamp:1  | Reached skill level 18 in Spellcasting
 22248 | Swamp:1  | Noticed a tentacled monstrosity
 22277 | Swamp:1  | Killed a tentacled monstrosity
 22808 | Swamp:2  | Identified a scroll of acquirement
 22816 | Swamp:2  | Acquired the ring of Peceucloer {rPois rF+ rC- SInv}
 22856 | Swamp:2  | Acquired a manual of Fighting
 23655 | Swamp:3  | Noticed a fenstrider witch
 23660 | Swamp:3  | Killed a fenstrider witch
 23670 | Swamp:3  | Reached XP level 17. HP: 118/118 MP: 0/0
 23670 | Swamp:3  | Learned a level 7 spell: Storm Form
 23850 | Swamp:4  | Entered Level 4 of the Swamp
 23947 | Swamp:4  | Reached skill level 10 in Fighting
 24009 | Swamp:4  | Reached skill level 19 in Spellcasting
 24511 | Swamp:4  | Got a decaying rune of Zot
 24977 | Snake:1  | Entered Level 1 of the Snake Pit
 25324 | Snake:1  | Found Typtuneu's General Store.
 25380 | Snake:1  | Identified the +5 tower shield "Vionueps" {Will+ Str-4
                  | Int+4}
 25713 | Snake:2  | Noticed Jorgrun
 25880 | Snake:3  | Lost strength.
 25961 | Snake:3  | Identified the +2 robe of the Garden {rPois rC+}
 26498 | Snake:4  | Entered Level 4 of the Snake Pit
 26566 | Snake:4  | Reached XP level 18. HP: 120/130 MP: 0/0
 26758 | Snake:2  | HP: 6/130 [Jorgrun/blast of rock fragments (37)]
 26758 | Snake:2  | Constricted to death by Jorgrun

Illustrated notes

Levels and vault maps discovered:
D:1:      minmay_arrival_hallway, layout_loops_corners, serial_shops, shop,
          shapermc_ecumenical_altar_petra, chequers_garden
D:2:      layout_basic
D:3:      layout_basic, uniq_jessica
D:4:      minmay_opposing_rooms, layout_basic, temple_green
D:5:      layout_layer_cave, uniq_prince_ribbit1, uniq_eustachio
D:6:      layout_basic, vehumet_crystals, serial_shops, shop_statue,
          minmay_checkerbox, uniq_grinder, uniq_edmund
D:7:      layout_basic, nicolae_shop_gadgets
D:8:      layout_loops_ring, serial_aquarium, aquarium_bridge_long_separate
          [aquarium_subvault_window, aquarium_subvault_wall,
          aquarium_subvault_bridge, aquarium_subvault_bridge,
          aquarium_subvault_window, aquarium_subvault_balcony],
          aquarium_bridge_square [aquarium_subvault_bridge,
          aquarium_subvault_bridge, aquarium_subvault_wall,
          aquarium_subvault_wall], aquarium_window_1, aquarium_window_fake,
          aquarium_view_2f, aquarium_balcony_1a
D:9:      nzn_winding_woodlands_medium [nzn_winding_woodlands_5x5_default,
          nzn_winding_woodlands_5x15_crooked, nzn_winding_woodlands_hourglass,
          nzn_winding_woodlands_5x5_cross, nzn_winding_woodlands_center_garden,
          nzn_winding_woodlands_5x5_three, nzn_winding_woodlands_5x5_default,
          nzn_winding_woodlands_5x15_twine,
          nzn_winding_woodlands_5x5_open_star], layout_gridville, minivault_27,
          uniq_joseph, uniq_pikel
D:10:     layout_stronghold, erik_lair_dragon, serial_shops, kennysheep_mini
D:11:     layout_cross, orc_0_dummy
D:12:     layout_long_grid, gammafunk_ghost_wrathful_warriors,
          dk_noncrumbling_3, palyth_stone_intersect
D:13:     layout_long_grid, david_vaults_3
Temple:   compressed_dpeg_triangle_lava_temple
Lair:1:   layout_gridlike
Lair:2:   layout_gridlike, nicolae_swamp_entry_splash_gauntlet,
          minmay_snake_entry_six_corridors
Lair:3:   beast_lair_carwin_large_2, layout_misc_corridors,
          dpeg_stationary_puzzle, infiniplex_staircase_pool_2,
          serial_bayou_shore_b
Lair:4:   beast_lair_carwin_large_4, layout_concentric_octagons, st_stairs_6,
          chequers_serial_rivers_micro_c, uniq_josephine
Lair:5:   layout_cave_shapes, slime_altar_1
Lair:6:   grunt_lair_end_beastmaster, layout_hall_layers, grunt_megastairs_3
Swamp:1:  cheibrodos_swamp_monstrosity, layout_basic_swamp,
          evilmike_swamp_ruin_rubble_2, infiniplex_staircase_pool, uniq_aizul
Swamp:2:  layout_basic_swamp, evilmike_swamp_ruin_house_1, swamp_pool3
Swamp:3:  layout_falls_marsh, serial_swamp_ruin, evilmike_swamp_ruin_house_3,
          evilmike_swamp_ruin_house_5
Swamp:4:  swamp_alternative, layout_basic_swamp, swamp_pool1,
          nicolae_swamp_snake_nest
Snake:1:  layout_honeycomb, serial_shops, nicolae_square_shop
Snake:2:  layout_rooms, serial_shops, shop, minmay_shop_star,
          grunt_megastairs_2, uniq_jorgrun
Snake:3:  layout_basic, st_stairs_3, lemuel_fruit_tree
Snake:4:  grunt_snake_rune_pools, layout_layer_cave, drop_trap,
          serial_bayou_pond_e, grunt_megastairs_5, minmay_shoptagon
Orc:1:    layout_caves, lemuel_statue_altar
Orc:2:    kennysheep_orc_mage_school, layout_caves

Skill      XL: |  1  2  3  4  5  6  7  8  9 10 11 12 13 14 15 16 17 |
---------------+----------------------------------------------------+-----
Spellcasting   | 3 4 5 6 7 9 10 12 13 15 16 17 18 19 | 19.9
Dodging        | 3 4 5 6 7 8 9 |  9.2
Fighting       | 1 2 3 5 7 9 12 | 12.2
Shields        | 1 |  1.0
Armour         | 2 4 5 6 |  6.7
Stealth        | |  1.5

Action                   |  1- 3 |  4- 6 |  7- 9 | 10-12 | 13-15 | 16-18 || total
-------------------------+-------+-------+-------+-------+-------+-------++-------
Melee: Short sword       |    18 |       |       |       |       |       ||    18
       Dagger            |       |     6 |       |    42 |    13 |       ||    61
       Club              |       |     5 |    40 |     4 |       |       ||    49
       Scimitar          |       |       |       |       |    77 |    37 ||   114
 Cast: Foxfire           |    63 |    75 |   186 |   229 |   266 |     4 ||   823
       Sticky Flame      |       |     2 |    17 |    47 |    85 |    31 ||   182
       Shock             |       |       |     5 |       |       |       ||     5
       Poisonous Vapours |       |       |     5 |    59 |    14 |    29 ||   107
       Petrify           |       |       |     2 |       |       |       ||     2
       Fireball          |       |       |       |    90 |   206 |   285 ||   581
       Summon Lightning  |       |       |       |     1 |    42 |    19 ||    62
       Simulacrum        |       |       |       |       |    27 |    46 ||    73
       Portal Projectile |       |       |       |       |       |     1 ||     1
  Use: Potion            |     1 |       |       |       |       |     4 ||     5
       Scroll            |       |       |       |       |    13 |    14 ||    27
 Stab: Sleeping          |       |     2 |       |       |       |       ||     2
       Petrified         |       |       |     4 |       |       |       ||     4
       Distracted        |       |       |       |       |     1 |     1 ||     2
Armor: Robe              |     5 |     1 |     8 |       |       |       ||    14
       Acid dragon scale |       |       |       |     7 |       |       ||     7
       Troll leather arm |       |       |       |    14 |    31 |    13 ||    58
Dodge: Dodged            |     9 |     7 |    60 |    79 |   180 |    70 ||   405
Block: Other             |       |     1 |    14 |    27 |    41 |     5 ||    88
       Reflection        |       |       |       |     8 |     1 |     9 ||    18
       Buckler           |       |       |       |       |       |    30 ||    30
       Tower shield      |       |       |       |       |       |    18 ||    18

Table legend: (Time is in decaauts)
 A = Elapsed time spent in this place.
 B = Non-inter-level travel time spent in this place.
 C = Inter-level travel time spent in this place.
 D = Time resting spent in this place.
 E = Time spent auto-exploring this place.
 F = Levels seen in this place.
 G = Mean time per level.
                   A        B        C        D        E       F      G
               +--------+--------+--------+--------+--------+-----+--------+
         Total |  26865 |  25742 |   1123 |   2744 |  16749 |  30 |  895.5 |
       Dungeon |  15570 |  15023 |    547 |   2017 |  10488 |  13 | 1197.7 |
        Temple |     26 |     26 |      0 |      0 |      0 |   1 |   26.0 |
          Lair |   5047 |   4800 |    247 |    123 |   3394 |   6 |  841.2 |
         Swamp |   2905 |   2726 |    179 |    426 |   1257 |   4 |  726.2 |
     Snake Pit |   1817 |   1787 |     30 |    135 |    947 |   4 |  454.2 |
  Orcish Mines |   1497 |   1379 |    118 |     43 |    663 |   2 |  748.5 |
               +--------+--------+--------+--------+--------+-----+--------+

Top non-repeatable levels by time:
     D:2: 1908 daAuts
     D:9: 1889 daAuts
     D:4: 1797 daAuts
     D:8: 1789 daAuts
     D:1: 1519 daAuts
     D:5: 1488 daAuts
     D:6: 1032 daAuts
 Swamp:4: 1009 daAuts
   Orc:2: 995 daAuts
    D:12: 989 daAuts
  Lair:2: 968 daAuts
    D:10: 968 daAuts
  Lair:4: 967 daAuts
 Snake:3: 942 daAuts
  Lair:1: 827 daAuts
